 Dungeon Crawl Stone Soup version 0.29-a0-997-gf6f7e2dfe7 (webtiles) character file.

Game seed: 1581884330852290034

125 RevDB the Conjurer (level 4, -1/24 HPs)
             Began as a Deep Elf Conjurer on Aug 4, 2022.
             Slain by an ogre
             ... wielding a +0 giant club
              (22 damage)
             ... on level 4 of the Dungeon.
             The game lasted 00:14:43 (2602 turns).

RevDB the Conjurer (Deep Elf Conjurer)              Turns: 2602, Time: 00:14:44

Health: -1/24      AC:  4    Str:  4    XL:     4   Next: 82%
Magic:  0/12       EV: 12    Int: 25    God:
Gold:   124        SH:  5    Dex: 13    Spells: 9/12 levels left

rFire   . . .      SeeInvis .   k - +0 lajatang
rCold   . . .      Faith    .   (shield currently unavailable)
rNeg    . . .      Spirit   .   a - +0 robe
rPois   .          Reflect  +   v - +0 helmet
rElec   .          Harm     .   (no cloak)
rCorr   .          Rampage  .   (no gloves)
Will    .....                   u - +0 pair of boots
Stlth   ++........              l - amulet of reflection
HPRegen 0.08/turn               (no ring)
MPRegen 0.13/turn               (no ring)

@: no status effects
A: no striking features
a: no special abilities


You were on level 4 of the Dungeon.
You visited 1 branch of the dungeon, and saw 4 of its levels.

You collected 124 gold pieces.

Inventory:

Hand Weapons
 k - a +0 lajatang (weapon)
Armour
 a - a +0 robe (worn)
 u - a +0 pair of boots (worn)
 v - a +0 helmet (worn)
Jewellery
 l - an amulet of reflection (around neck)
Scrolls
 d - a scroll of summoning {unknown}
 f - 2 scrolls of immolation {unknown}
 g - 4 scrolls of teleportation {unknown}
 h - a scroll of acquirement {unknown}
 o - 2 scrolls of enchant weapon {unknown}
 q - a scroll of poison {unknown}
 t - a scroll of butterflies {unknown}
Potions
 b - a potion of magic
 c - a potion of degeneration {unknown}
 e - a potion of heal wounds {unknown}
 i - a potion of attraction {unknown}
 j - 2 potions of flight {unknown}
 m - a potion of cancellation {unknown}
 n - a potion of mutation {unknown}
 p - a potion of curing {unknown}
 r - a potion of haste {unknown}
 s - a potion of resistance {unknown}


   Skills:
 - Level 3.0 Dodging
 - Level 2.4 Stealth
 + Level 4.5 Spellcasting
 - Level 6.0 Conjurations


You had 9 spell levels left.
You knew the following spells:

 Your Spells              Type           Power      Damage    Failure   Level
a - Magic Dart            Conj           100%       1d8       1%          1
b - Searing Ray           Conj           70%        2d7       1%          2

Your spell library contained the following spells:

 Spells                   Type           Power      Damage    Failure   Level
 Shock                    Conj/Air       80%        1d8       2%          1
 Dazzling Flash           Conj/Hex       40%        N/A       8%          3
 Swiftness                Air            5%         N/A       26%         3
 Fulminant Prism          Conj/Hex       10%        3d9       26%         4
 Iskenderun's Mystic Bla  Conj/Tloc      20%        2d6       26%         4
 Airstrike                Air            2%         2d(1-17)  65%         4


Dungeon Overview and Level Annotations

Branches:
Dungeon (4/15)
 Temple: D:4-7

Altars:
Fedhas
Okawaru


Message History

The slug dart hits you.
Found a blossoming altar of Fedhas.
Aiming: Magic Dart (safe; 1% risk of failure)
Press: ? - help, Q - select action, (/) - cycle Shift-Dir - straight line, f - dart slug
Aim: a dart slug (100% to hit)
The magic dart hits the dart slug!
The dart slug is almost dead.
Aiming: Magic Dart (safe; 1% risk of failure)
Press: ? - help, Q - select action, (/) - cycle Shift-Dir - straight line, f/p - dart slug
Aim: a dart slug (almost dead, 100% to hit)
The magic dart hits the dart slug.
You kill the dart slug!
An ogre comes into view. It is wielding a +0 giant club.
You see here a dart slug corpse.
Aiming: Magic Dart (safe; 1% risk of failure)
Press: ? - help, Q - select action, (/) - cycle Shift-Dir - straight line, f - ogre
Aim: an ogre, wielding a +0 giant club (100% to hit)
The magic dart hits the ogre.
The ogre is moderately wounded.
Aiming: Magic Dart (safe; 1% risk of failure)
Press: ? - help, Q - select action, (/) - cycle Shift-Dir - straight line, f/p - ogre
Aim: an ogre, wielding a +0 giant club (moderately wounded, 100% to hit)
The magic dart hits the ogre.
The ogre is moderately wounded.
Aiming: Magic Dart (safe; 1% risk of failure)
Press: ? - help, Q - select action, (/) - cycle Shift-Dir - straight line, f/p - ogre
Aim: an ogre, wielding a +0 giant club (moderately wounded, 100% to hit)
The magic dart hits the ogre!
The ogre is severely wounded.
Casting: Magic Dart (safe; 1% risk of failure)
Confirm with . or Enter, or press ? or * to list all spells.
Aiming: Searing Ray (safe; 1% risk of failure)
Press: ? - help, Shift-Dir - straight line, f/p - ogre
Aim: an ogre, wielding a +0 giant club (severely wounded, 91% to hit)
The searing ray hits the ogre.
The ogre is severely wounded. (Press . to maintain the ray.)
The ogre hits you with a +0 giant club!!
Ouch! That really hurt!
You die...

###'###
#.....#
#^≈.≈.# #
+.._..+ #.
.≈.≈. ...
...
....###O##
.......@.#
.........##
..........##
##....#....#
#...####..##
##.. ##..##
#. ##..## #.
##).###
##<..##


You could see an ogre.

Vanquished Creatures
  A hound (D:4)
  3 adders
  2 worms
  5 dart slugs
  2 orcs
  A bat (D:2)
  4 endoplasms
  4 giant cockroaches
  4 goblins
  3 hobgoblins
  5 kobolds
  5 quokkas
  4 ball pythons
  3 frilled lizards
  4 rats
50 creatures vanquished.

Notes
Turn   | Place    | Note
-------+----------+-------------------------------------------
     0 | D:1      | RevDB the Deep Elf Conjurer began the quest for the Orb.
     0 | D:1      | Reached XP level 1. HP: 10/10 MP: 6/6
   123 | D:1      | Reached XP level 2. HP: 15/15 MP: 4/8
   236 | D:1      | Reached skill level 5 in Conjurations
   242 | D:1      | Learned a level 2 spell: Searing Ray
   995 | D:2      | Reached XP level 3. HP: 19/19 MP: 3/10
  1466 | D:2      | Found a faded altar of an unknown god.
  1801 | D:3      | Reached XP level 4. HP: 20/24 MP: 3/12
  2276 | D:3      | Reached skill level 6 in Conjurations
  2362 | D:3      | Found an iron altar of Okawaru.
  2593 | D:4      | Found a blossoming altar of Fedhas.
  2597 | D:4      | Noticed an ogre
  2602 | D:4      | Slain by an ogre

Illustrated notes

Levels and vault maps discovered:
D:1:      mrwooster_arrival_statue_2, layout_basic, minmay_domino_4
D:2:      layout_basic, shapermc_ecumenical_altar_totnotflames,
          serial_bayou_pond_e
D:3:      layout_basic, marbit_many_paths
D:4:      layout_layer_cave, mainiacjoe_overflow_six_doors_small,
          kennysheep_little_box, nicolae_elemental_shop, dreamdust_gnoll_farm

Skill      XL: |  1  2  3  4 |
---------------+-------------+-----
Conjurations   | 5 6 |  6.0
Spellcasting   | 4 |  4.5
Dodging        | 3 |  3.0
Stealth        | |  2.4

Action                   |  1- 3 |  4- 6 || total
-------------------------+-------+-------++-------
Melee: Unarmed           |     1 |       ||     1
 Cast: Magic Dart        |    62 |    23 ||    85
       Searing Ray       |     2 |     3 ||     5
Armor: Robe              |     1 |       ||     1
Dodge: Dodged            |     3 |     2 ||     5
Block: Other             |       |     2 ||     2

Table legend: (Time is in decaauts)
 A = Elapsed time spent in this place.
 B = Non-inter-level travel time spent in this place.
 C = Inter-level travel time spent in this place.
 D = Time resting spent in this place.
 E = Time spent auto-exploring this place.
 F = Levels seen in this place.
 G = Mean time per level.
                   A        B        C        D        E       F      G
               +--------+--------+--------+--------+--------+-----+--------+
         Total |   2600 |   2520 |     80 |    272 |    390 |   4 |  650.0 |
       Dungeon |   2600 |   2520 |     80 |    272 |    390 |   4 |  650.0 |
               +--------+--------+--------+--------+--------+-----+--------+

Top non-repeatable levels by time:
     D:2: 1302 daAuts
     D:3: 875 daAuts
     D:1: 389 daAuts
     D:4: 32 daAuts
